 Dungeon Crawl Stone Soup version 0.30-a0-451-ge042605de7 (webtiles) character file.

Game seed: 6316376077375193745

2579 billz999 the Skirmisher (level 9, -5/71 HPs)
             Began as a Gnoll Hunter on Dec 11, 2022.
             Was an Initiate of Gozag.
             Slain by a warg (10 damage)
             ... on level 9 of the Dungeon.
             The game lasted 00:12:24 (7146 turns).

billz999 the Skirmisher (Gnoll Hunter)              Turns: 7146, Time: 00:12:25

Health: -5/71      AC:  6    Str: 11    XL:     9   Next: 58%
Magic:  15/15      EV: 14    Int: 13    God:    Gozag
Gold:   523        SH:  5    Dex: 15    Spells: 14/17 levels left

rFire   . . .      SeeInvis .    a - +1 shortbow
rCold   . . .      Faith    .    (shield currently unavailable)
rNeg    . . .      Spirit   .    c - +0 leather armour
rPois   .          Reflect  +    f - +2 helmet
rElec   .          Harm     .    (no cloak)
rCorr   .          Rampage  .    (no gloves)
Will    .....                    (no boots)
Stlth   +++.......               p - amulet of reflection
HPRegen 0.31/turn                (no ring)
MPRegen 0.14/turn                (no ring)

@: flying
A: fangs 1, strong nose, distributed training
a: Renounce Religion, Potion Petition, Call Merchant, Bribe Branch


You were on level 9 of the Dungeon.
You worshipped Gozag.
Gozag was pleased with you.
You visited 1 branch of the dungeon, and saw 8 of its levels.
You also visited: Sewer.

You collected 688 gold pieces.
You spent 75 gold pieces at shops.
You paid 90 gold pieces to Gozag.

Inventory:

Hand Weapons
 a - a +1 shortbow (weapon)
 i - a +2 short sword of protection
 j - a +0 mace of protection
Armour
 c - a +0 leather armour (worn)
 f - a +2 helmet (worn)
 r - the +4 chain mail "Odeant" {rElec rPois rF++}
   (You found it on level 4 of the Dungeon)

   rF:        It greatly protects you from fire.
   rElec:     It insulates you from electricity.
   rPois:     It protects you from poison.
Jewellery
 p - an amulet of reflection (around neck)
Wands
 w - a wand of paralysis (1)
Scrolls
 b - a scroll of immolation
 h - 4 scrolls of noise
 q - a scroll of amnesia
 u - 3 scrolls of enchant armour
Potions
 d - 2 potions of curing
 e - 2 potions of resistance
 k - 3 potions of brilliance
 l - 2 potions of degeneration {unknown}
 n - 3 potions of mutation {unknown}
 o - a potion of heal wounds {unknown}
 v - a potion of cancellation {unknown}


   Skills:
 + Level 6.5 Fighting
 + Level 4.5 Short Blades
 + Level 4.5 Long Blades
 + Level 4.5 Axes
 + Level 4.5 Maces & Flails
 + Level 4.5 Polearms
 + Level 4.5 Staves
 + Level 9.7 Ranged Weapons
 + Level 4.5 Throwing
 + Level 4.5 Armour
 + Level 6.5 Dodging
 + Level 5.2 Stealth
 + Level 4.5 Shields
 + Level 4.5 Unarmed Combat
 + Level 4.5 Spellcasting
 + Level 3.7 Conjurations
 + Level 3.7 Hexes
 + Level 3.7 Summonings
 + Level 3.7 Necromancy
 + Level 3.7 Translocations
 + Level 3.7 Transmutations
 + Level 3.7 Fire Magic
 + Level 3.7 Ice Magic
 + Level 3.7 Air Magic
 + Level 3.7 Earth Magic
 + Level 3.7 Poison Magic
 + Level 5.0 Invocations
 + Level 4.5 Evocations


You had 14 spell levels left.
You knew the following spells:

 Your Spells              Type           Power      Damage    Failure   Level
a - Teleport Other        Tloc           12%        N/A       16%         3

Your spell library contained the following spells:

 Spells                   Type           Power      Damage    Failure   Level
 Freeze                   Ice            48%        1d6       5%          1
 Slow                     Hex            48%        N/A       5%          1
 Confusing Touch          Hex            12%        N/A       16%         3
 Frozen Ramparts          Ice            24%        1d4       16%         3
 Gell's Gravitas          Tloc           12%        N/A       16%         3
 Hailstorm                Conj/Ice       12%        3d5       16%         3
 Kindle Blastsparks       Fire/Tloc/Air  24%        2d12      16%         3
 Summon Guardian Golem    Hex/Summ       12%        N/A       16%         3
 Vampiric Draining        Necr           12%        2d6       16%         3
 Fulminant Prism          Conj/Hex       6%         3d6       47%         4
 Iskenderun's Mystic Bla  Conj/Tloc      12%        2d5       47%         4
 Lee's Rapid Deconstruct  Erth           6%         3d6*      83%         5
 Dispersal                Tloc           6%         N/A       100%        6
 Orb of Destruction       Conj           6%         9d6       100%        7
 Spellforged Servitor     Conj/Summ      6%         N/A       100%        7


Dungeon Overview and Level Annotations

Branches:
Dungeon (9/15)             Temple (0/1) D:5            Lair (0/5) D:9
  Sewer (visited)
    Orc: D:9-12

Altars:
Ashenzari
Elyvilon
Gozag
Hepliaklqana
Zin
The Shining One

Shops:
D:2 ?   D:5 !

Annotations:
D:2 Terence


Innate Abilities, Weirdness & Mutations

You have very sharp teeth.
Your uncanny sense of smell can sniff out nearby items.
Your experience applies equally to all skills.


Message History

You carefully extract the barbed spikes from your body.
Unknown command.
Found a ruby potion.
A warg comes into view.
The orc wizard points at you and mumbles some strange words.
The magic dart hits you!
Aiming: Paralyse
Press: ? - help, Shift-Dir - straight line, f/p - red devil
Aim: a red devil, wielding a +0 trident (paralysed, chance to affect: 26%)
Okay, then.
A magic dart appears from out of thin air!
The magic dart hits you!
* * * LOW HITPOINT WARNING * * *
Okay, then.
It was a potion of flight.
You feel very buoyant.
You fly up into the air.
The warg howls!
The quasit attacks as you move away! The quasit barely misses you.
The quasit closely misses you. The quasit barely misses you.
The gnoll bouda shouts!
You hear a shout!
A puff of flame appears from out of thin air!
The puff of flame hits you!
* * * LOW HITPOINT WARNING * * *
The orc wizard gestures wildly while chanting.
The orc wizard flickers and vanishes!
You hear a shout!
The warg bites you.
* * * LOW HITPOINT WARNING * * *
The quasit barely misses you. You block the quasit's attack.
The quasit barely misses you. The quasit completely misses you.
The quasit closely misses you. The quasit barely misses you.
The warg barely misses you. The warg attacks as you move away!
The warg misses you. The quasit attacks as you move away! The quasit bites you.
* * * LOW HITPOINT WARNING * * *
The quasit closely misses you. x2
The warg attacks as you move away! The warg bites you!
You die...
Your body crumbles into a pile of gold.

*,,,,~~~,*,,,,,,*,+,
#....≈≈~.#,*********
#....~≈~.*,*,,,,,,,,
#....~≈≈,*,+,,,,,,,,
#....~≈#**+#,,,,,,,,
#...P~≈#,..#********
#....≈≈#ggg#..,,,,,,
#....~≈#####~≈~~~~~~
#..@h≈≈≈≈≈≈≈≈≈≈~~~~~
#P..5~~~~~~~~~~~~~~~
#....{.!.......,,,,,
######.........,,,,,
#.........,,,,,
#.........,,,,,
##........,,,,,
#..o.....,,,,,
#....####*,,,,


You could see a warg, an orc wizard and a quasit.

Vanquished Creatures
  Pikel (D:5)
  Eustachio (D:5)
  3 water moccasins
  Edmund (D:5)
  An orc warrior (D:7)
  A sky beast (D:6)
  4 black bears
  An ogre (D:6)
  3 phantoms
  A kobold brigand (D:7)
  A scorpion (D:5)
  A howler monkey (D:5)
  2 jellies
  3 hounds
  An orc priest (D:7)
  Natasha (twice) (D:3)
  2 iguanas
  4 orc wizards
  Robin (D:2)
  4 gnolls (D:5)
  An adder (D:5)
  A white imp (D:5)
  3 ufetubi
  A worm (D:3)
  2 dart slugs
  10 orcs
  6 bats
  3 endoplasms
  6 giant cockroaches
  16 goblins
  9 hobgoblins
  6 jackals
  11 kobolds
  7 quokkas
  4 ball pythons
  A frilled lizard (D:1)
  3 rats
128 creatures vanquished.

Vanquished Creatures (others)
  A plant (D:9)
1 creature vanquished.

Grand Total: 129 creatures vanquished

Notes
Turn   | Place    | Note
-------+----------+-------------------------------------------
     0 | D:1      | billz999 the Gnoll Hunter began the quest for the Orb.
     0 | D:1      | Reached XP level 1. HP: 20/20 MP: 1/1
    90 | D:1      | Reached XP level 2. HP: 26/26 MP: 2/2
   371 | D:1      | Found a faded altar of an unknown god.
   487 | D:1      | Reached XP level 3. HP: 31/31 MP: 3/3
   705 | D:2      | Noticed Robin
   710 | D:2      | Killed Robin
   711 | D:2      | Reached skill level 1 in Invocations
   720 | D:2      | Reached skill level 1 in Short Blades
   720 | D:2      | Reached skill level 1 in Long Blades
   720 | D:2      | Reached skill level 1 in Axes
   720 | D:2      | Reached skill level 1 in Maces & Flails
   720 | D:2      | Reached skill level 1 in Polearms
   720 | D:2      | Reached skill level 1 in Staves
   720 | D:2      | Reached skill level 1 in Throwing
   720 | D:2      | Reached skill level 1 in Armour
   720 | D:2      | Reached skill level 1 in Shields
   720 | D:2      | Reached skill level 1 in Unarmed Combat
   720 | D:2      | Reached skill level 1 in Spellcasting
   720 | D:2      | Reached skill level 1 in Evocations
   793 | D:2      | Found Vuhump's Magic Scroll Shop.
   796 | D:2      | Bought a scroll of teleportation for 42 gold pieces
   844 | D:2      | Noticed Terence
  1075 | D:2      | Reached XP level 4. HP: 38/38 MP: 5/5
  1231 | D:3      | Found a glowing drain.
  1251 | Sewer    | Entered a sewer
  1262 | Sewer    | Reached skill level 1 in Conjurations
  1262 | Sewer    | Reached skill level 1 in Hexes
  1262 | Sewer    | Reached skill level 1 in Summonings
  1262 | Sewer    | Reached skill level 1 in Necromancy
  1262 | Sewer    | Reached skill level 1 in Translocations
  1262 | Sewer    | Reached skill level 1 in Transmutations
  1262 | Sewer    | Reached skill level 1 in Fire Magic
  1262 | Sewer    | Reached skill level 1 in Ice Magic
  1262 | Sewer    | Reached skill level 1 in Air Magic
  1262 | Sewer    | Reached skill level 1 in Earth Magic
  1262 | Sewer    | Reached skill level 1 in Poison Magic
  1500 | Sewer    | Noticed a water moccasin
  1506 | Sewer    | Killed a water moccasin
  1507 | Sewer    | Reached XP level 5. HP: 43/43 MP: 5/7
  1734 | D:3      | Noticed Natasha
  1747 | D:3      | Killed Natasha
  1998 | D:3      | Noticed Natasha
  2001 | D:3      | Killed Natasha
  2002 | D:3      | Reached XP level 6. HP: 50/50 MP: 8/8
  2074 | D:4      | Reached skill level 5 in Fighting
  2074 | D:4      | Reached skill level 5 in Dodging
  2365 | D:4      | Found a white marble altar of Elyvilon.
  2365 | D:4      | Found a glowing silver altar of Zin.
  2365 | D:4      | Found a glowing golden altar of the Shining One.
  2400 | D:4      | Identified the +4 chain mail "Odeant" {rElec rPois rF++}
  2750 | D:4      | Found a broken altar of Ashenzari.
  2752 | D:4      | Noticed a black bear
  2758 | D:4      | Killed a black bear
  2999 | D:5      | Entered Level 5 of the Dungeon
  3085 | D:5      | Reached XP level 7. HP: 56/56 MP: 10/10
  3181 | D:5      | Found an opulent altar of Gozag.
  3192 | D:5      | Became a worshipper of Gozag Ym Sagoz the Greedy
  3339 | D:5      | Noticed Edmund
  3369 | D:5      | Killed Edmund
  3370 | D:5      | Reached skill level 9 in Ranged Weapons
  3372 | D:5      | Found a staircase to the Ecumenical Temple.
  3652 | D:5      | Noticed Pikel
  3672 | D:5      | Killed Pikel
  3673 | D:5      | Reached XP level 8. HP: 35/64 MP: 11/13
  3922 | D:5      | Noticed Eustachio
  4071 | D:5      | Killed Eustachio
  4195 | D:5      | Found Boalis's Distillery.
  4338 | D:5      | Found a hazy altar of Hepliaklqana.
  4608 | D:5      | Bought a potion of curing for 33 gold pieces
  4839 | D:6      | Reached XP level 9. HP: 62/69 MP: 14/14
  4853 | D:6      | Learned a level 3 spell: Teleport Other
  5944 | D:7      | Reached skill level 5 in Stealth
  6533 | D:7      | Reached skill level 5 in Invocations
  6803 | D:7      | You fall into a shaft and drop 2 floors!
  6804 | D:9      | Found a staircase to the Lair.
  6812 | D:9      | Noticed a sixfirhy
  7126 | D:9      | Noticed a red devil
  7146 | D:9      | Slain by a warg

Illustrated notes

Levels and vault maps discovered:
D:1:      dpeg_arrival_rooms_b, layout_loops_ring,
          hellmonk_ecumenical_altar_prayer_group, minmay_pentomino_q4
D:2:      layout_basic, serial_shops, nicolae_shop_behind_doors,
          minmay_tiny_reverse_x, uniq_robin, uniq_terence
D:3:      layout_basic, gup_sewer_entry_pipe, uniq_natasha
D:4:      layout_loops_ring, good_gods_mini_temple, nicolae_ashenzari_skybound,
          st_stairs_4
D:5:      layout_basic, grunt_gozag_statues, kennysheep_little_box,
          minmay_temple_entry_sparse_star, serial_shops, nicolae_square_shop,
          uniq_eustachio, uniq_pikel, uniq_edmund
D:6:      layout_loops_corners
D:7:      layout_gridville
D:9:      lemuel_castle_with_subvaults [lemuel_castle_interior_carwin_1],
          layout_irregular_city, mainiacjoe_overflow_surrounded_room,
          mainiacjoe_overflow_alcove_4, nicolae_overflow_crystal_walls,
          dpeg_oklobed_lair, serial_demonic, serial_demonic_a, serial_demonic_f,
          serial_demonic_f, serial_demonic_e, uniq_harold

Skill      XL: |  1  2  3  4  5  6  7  8  9 |
---------------+----------------------------+-----
Invocations    | 1 2 3 4 5 |  5.0
Short Blades   | 1 2 3 4 |  4.5
Long Blades    | 1 2 3 4 |  4.5
Axes           | 1 2 3 4 |  4.5
Maces & Flails | 1 2 3 4 |  4.5
Polearms       | 1 2 3 4 |  4.5
Staves         | 1 2 3 4 |  4.5
Throwing       | 1 2 3 4 |  4.5
Armour         | 1 2 3 4 |  4.5
Shields        | 1 2 3 4 |  4.5
Unarmed Combat | 1 2 3 4 |  4.5
Spellcasting   | 1 2 3 4 |  4.5
Evocations     | 1 2 3 4 |  4.5
Conjurations   | 1 2 3 |  3.7
Hexes          | 1 2 3 |  3.7
Summonings     | 1 2 3 |  3.7
Necromancy     | 1 2 3 |  3.7
Translocations | 1 2 3 |  3.7
Transmutations | 1 2 3 |  3.7
Fire Magic     | 1 2 3 |  3.7
Ice Magic      | 1 2 3 |  3.7
Air Magic      | 1 2 3 |  3.7
Earth Magic    | 1 2 3 |  3.7
Poison Magic   | 1 2 3 |  3.7
Stealth        | 3 4 5 |  5.2
Fighting       | 5 6 |  6.5
Dodging        | 5 6 |  6.5
Ranged Weapons | 9 |  9.7

Action                   |  1- 3 |  4- 6 |  7- 9 || total
-------------------------+-------+-------+-------++-------
Melee: Short sword       |       |       |    16 ||    16
       Bite              |       |       |     1 ||     1
       Shortbow          |       |       |     1 ||     1
 Fire: Shortbow          |   103 |   138 |   323 ||   564
Evoke: Wand              |       |       |     7 ||     7
  Use: Scroll            |     2 |     4 |     8 ||    14
       Potion            |     2 |       |     5 ||     7
 Stab: Paralysed         |       |       |     2 ||     2
Armor: Leather armour    |    11 |    10 |    18 ||    39
       Chain mail        |       |       |   185 ||   185
Dodge: Dodged            |    33 |    48 |   125 ||   206
Block: Other             |       |     1 |    83 ||    84

Table legend: (Time is in decaauts)
 A = Elapsed time spent in this place.
 B = Non-inter-level travel time spent in this place.
 C = Inter-level travel time spent in this place.
 D = Time resting spent in this place.
 E = Time spent auto-exploring this place.
 F = Levels seen in this place.
 G = Mean time per level.
                   A        B        C        D        E       F      G
               +--------+--------+--------+--------+--------+-----+--------+
         Total |   7331 |   7067 |    264 |   1243 |   4635 |   9 |  814.6 |
       Dungeon |   6868 |   6604 |    264 |    920 |   4545 |   8 |  858.5 |
         Sewer |    463 |    463 |      0 |    323 |     89 |   1 |  463.0 |
               +--------+--------+--------+--------+--------+-----+--------+

Top non-repeatable levels by time:
     D:5: 1746 daAuts
     D:7: 1207 daAuts
     D:6: 988 daAuts
     D:4: 940 daAuts
     D:1: 704 daAuts
     D:3: 531 daAuts
   Sewer: 463 daAuts
     D:2: 403 daAuts
     D:9: 345 daAuts
